 Dungeon Crawl Stone Soup version 0.16-a0-4056-gee4db93 (webtiles) character file.

504 Gronka the Covered (level 7, -5/54 HPs)
             Began as a Human Fighter on Feb 20, 2015.
             Slain by an ogre
             ... wielding a +0 giant spiked club
              (21 damage)
             ... on level 4 of the Dungeon.
             The game lasted 00:09:34 (2877 turns).

Gronka the Covered (Human Fighter)                  Turns: 2877, Time: 00:09:34

Health: -5/54      AC: 18    Str: 18    XL:     7   Next: 41%
Magic:  7/7        EV:  6    Int:  8    God:
Gold:   134        SH: 10    Dex: 16    Spells: 0 memorised, 6 levels left

rFire  . . .     SeeInvis .     h - +2 mace (protect)
rCold  . . .     Clarity  .     p - +0 chain mail
rNeg   + . .     SustAb   +     c - +0 shield
rPois  .         Gourm    .     d - +0 helmet
rElec  .         Spirit   .     (no cloak)
rCorr  .         Warding  .     v - +1 pair of gloves {Dex+3}
rMut   .         Stasis   .     (no boots)
MR     .....                    (no amulet)
Stlth  ..........               l - ring of sustain abilities
                                k - ring of positive energy

@: not resistant to hostile enchantments, extremely unstealthy
A: no striking features
a: no special abilities


You were on level 4 of the Dungeon.
You were not hungry.

You visited 1 branch of the dungeon, and saw 4 of its levels.

You collected 134 gold pieces.

Inventory:

Hand weapons
 a - a +0 war axe
 h - a +2 mace of protection (weapon)
Armour
 b - a +0 scale mail
 c - a +0 shield (worn)
 d - a +0 helmet (worn)
 p - a +0 chain mail (worn)
 s - a +0 helmet
 v - a +1 pair of gloves of dexterity (worn)
Jewellery
 k - a ring of positive energy (left hand)
 l - a ring of sustain abilities (right hand)
 D - an uncursed ring of wizardry
Scrolls
 i - 3 scrolls of remove curse {unknown}
 m - 4 scrolls of identify {unknown}
 o - a scroll of amnesia {unknown}
 q - a scroll of enchant weapon {unknown}
 r - a scroll of noise {unknown}
 u - 2 scrolls of immolation {unknown}
 y - 2 scrolls of teleportation {unknown}
Potions
 e - a potion of might
 f - a potion of invisibility {unknown}
 g - a potion of flight {unknown}
 z - 2 potions of poison {unknown}
 B - a potion of ambrosia {unknown}
 C - a potion of cancellation {unknown}
 E - a potion of resistance {unknown}
Books
 t - a book of Clouds

   Spells                             Type                      Level
   a - Mephitic Cloud                 Conjuration/Poison/Air       3
   b - Conjure Flame                  Conjuration/Fire             3
   c - Poisonous Cloud                Conjuration/Poison/Air       6
   d - Freezing Cloud                 Conjuration/Ice/Air          6
   e - Ring of Flames                 Charms/Fire                  7
 x - a Fen Folio

   Spells                             Type                      Level
   a - Corpse Rot                     Necromancy                   2
   b - Stone Arrow                    Conjuration/Earth            3
   c - Leda's Liquefaction            Hexes/Earth                  4
   d - Summon Forest                  Summoning/Translocation      5
   e - Hydra Form                     Transmutation                6
   f - Summon Hydra                   Summoning                    7
 A - a book of Geomancy

   Spells                             Type                      Level
   a - Sandblast                      Earth                        1
   b - Stoneskin                      Transmutation/Earth          2
   c - Passwall                       Transmutation/Earth          3
   d - Stone Arrow                    Conjuration/Earth            3
   e - Petrify                        Transmutation/Earth          4
   f - Lee's Rapid Deconstruction     Earth                        5
Comestibles
 j - 2 meat rations
 n - 4 fruits
 w - 2 beef jerkies


   Skills:
 + Level 4.1 Fighting
 + Level 3.4 Axes
 + Level 4.8 Armour
 + Level 2.3 Dodging
 + Level 0.4 Stealth
 + Level 4.8 Shields


You had 6 spell levels left.
You didn't know any spells.

Dungeon Overview and Level Annotations

Branches:
Dungeon (4/15)
 Temple: D:4-7

Altars:
Sif Muna
Yredelemnul


Message History

You block the ogre's attack.
You hit the ogre.
The ogre is moderately wounded.
The ogre hits you with a giant spiked club!!
You hit the ogre.
The ogre is heavily wounded.
The ogre hits you with a giant spiked club!
* * * LOW HITPOINT WARNING * * *
You open the door.
There is an open door here.
You closely miss the ogre.
The ogre is heavily wounded.
You block the ogre's attack.
You hit the ogre.
The ogre is severely wounded.
You block the ogre's attack.
You hit the ogre.
The ogre is severely wounded.
The ogre hits you with a giant spiked club!!
You die...

#....#...#.#### #+##.#...#.#
...#.#...+.. ...#.#...#..
..+.#...#+# ... .#.#....
#+###+#..... #.+....
+.....#...... ... . ...
#.....+..... ...# #.... #@#
##.... #### ...#.#...#
###O####....# #... ...#.+...+
+......+....# #... ...' #...#
##..##.#....# #... ...# #...#
#..##.##'### #... ...# +...+
#..##......# #...
...#+#...#+####..##.##'#######...
.........#...##..##.#.†..........
.........#..........#............


You could see an ogre.

Vanquished Creatures
  The ghost of Gronka the Covered, an average HuFi (D:4)
  A phantom (D:4)
  An iguana (D:4)
  A worker ant (D:4)
  An orc wizard (D:3)
  Jessica (D:2)
  2 adders
  2 giant mites
  A worm (D:3)
  An ooze (D:1)
  10 orcs
  3 giant cockroaches
  10 goblins
  7 hobgoblins
  11 jackals
  7 kobolds
  2 quokkas
  5 ball pythons
  6 bats
  3 giant geckos
  4 giant newts
  9 rats
  A spectral orc (D:2)
90 creatures vanquished.

Notes
Turn   | Place    | Note
--------------------------------------------------------------
     0 | D:1      | Gronka, the Human Fighter, began the quest for the Orb.
     0 | D:1      | Reached XP level 1. HP: 18/18 MP: 1/1
   364 | D:1      | Reached XP level 2. HP: 24/24 MP: 2/2
   592 | D:1      | Reached XP level 3. HP: 29/29 MP: 3/3
  1119 | D:2      | Noticed Jessica
  1125 | D:2      | Killed Jessica
  1125 | D:2      | Reached XP level 4. HP: 31/35 MP: 4/4
  1379 | D:2      | Reached skill level 1 in Dodging
  1803 | D:2      | Found a basalt altar of Yredelemnul.
  1980 | D:3      | Reached XP level 5. HP: 39/41 MP: 5/5
  2073 | D:3      | Reached skill level 4 in Armour
  2362 | D:4      | Noticed Gronka's ghost (average HuFi)
  2411 | D:4      | Killed Gronka's ghost
  2411 | D:4      | Reached XP level 6. HP: 19/48 MP: 6/6
  2411 | D:4      | Reached XP level 7. HP: 20/53 MP: 7/7
  2475 | D:4      | Noticed a phantom
  2534 | D:4      | Killed a phantom
  2548 | D:4      | Found a deep blue altar of Sif Muna.
  2821 | D:4      | Noticed an ogre
  2877 | D:4      | Slain by an ogre

Action                   |  1- 3 |  4- 6 |  7- 9 || total
-------------------------+-------+-------+-------++-------
Melee: War axe           |    87 |   226 |    42 ||   355
       Mace              |       |       |    31 ||    31
  Use: Potion            |       |     5 |     1 ||     6
  Eat: Bread ration      |       |     1 |       ||     1
       Meat ration       |       |       |     1 ||     1
